 Dungeon Crawl Stone Soup version 0.29-a0-418-gc0181ea820 (webtiles) character file.

Game seed: 13606686620544377653

145 xian the Skirmisher (level 5, -4/46 HPs)
             Began as a Draconian Fighter on May 18, 2022.
             Slain by an iguana (5 damage)
             ... on level 4 of the Dungeon.
             The game lasted 00:06:04 (2089 turns).

xian the Skirmisher (Draconian Fighter)             Turns: 2089, Time: 00:06:04

Health: -4/46      AC:  5    Str: 21    XL:     5   Next: 6%
Magic:  5/5        EV: 12    Int:  8    God:
Gold:   136        SH:  4    Dex: 10    Spells: 4/4 levels left

rFire   . . .      SeeInvis .   a - +0 trident
rCold   . . .      Faith    .   b - +0 buckler
rNeg    . . .      Spirit   .   (body armour unavailable)
rPois   .          Reflect  .   (helmet restricted)
rElec   .          Harm     .   (no cloak)
rCorr   .          Rampage  .   (no gloves)
Will    .....                   (no boots)
Stlth   +.........              (no amulet)
HPRegen 0.15/turn               (no ring)
MPRegen 0.09/turn               (no ring)

@: no status effects
A: AC +5, unfitting armour, cold-blooded
a: no special abilities


You were on level 4 of the Dungeon.
You visited 1 branch of the dungeon, and saw 4 of its levels.

You collected 136 gold pieces.

Inventory:

Hand Weapons
 a - a +0 trident (weapon)
Armour
 b - a +0 buckler (worn)
Magical Staves
 n - a staff of fire
Scrolls
 d - a scroll of blinking {unknown}
 e - a scroll of immolation {unknown}
 f - 5 scrolls of teleportation {unknown}
 i - a scroll of fog {unknown}
 m - a scroll of fear {unknown}
Potions
 c - a potion of might
 g - a potion of curing {unknown}
 h - a potion of heal wounds {unknown}
 j - 2 potions of haste {unknown}
 k - a potion of brilliance {unknown}
 l - a potion of flight {unknown}


   Skills:
 + Level 3.9 Fighting
 + Level 3.6 Polearms
 + Level 3.5 Dodging
 + Level 0.4 Stealth
 + Level 3.5 Shields


You had 4 spell levels left.
You didn't know any spells.
Your spell library was empty.

Dungeon Overview and Level Annotations

Branches:
Dungeon (4/15)
 Temple: D:4-7

Altars:
Vehumet


Innate Abilities, Weirdness & Mutations

Your plain brown scales are hard. (AC +5)
You cannot fit into any form of body armour.
You are cold-blooded and may be slowed by cold attacks.


Message History

You hit the iguana.
The iguana is moderately wounded.
The iguana bites you!
You hit the iguana but do no damage.
The iguana is moderately wounded.
The iguana barely misses you. You block the iguana's attack.
You hit the iguana but do no damage.
The iguana is moderately wounded.
The iguana bites you!
You hit the iguana but do no damage.
The iguana is moderately wounded.
The iguana misses you.
You closely miss the iguana.
The iguana is moderately wounded.
The iguana bites you but does no damage.
You hit the iguana but do no damage.
Your tail-slap misses the iguana.
The iguana is moderately wounded.
The iguana bites you.
* * * LOW HITPOINT WARNING * * *
You hit the iguana but do no damage.
Your tail-slap misses the iguana.
The iguana is moderately wounded.
The iguana misses you.
You hit the iguana.
The iguana is severely wounded.
The iguana misses you.
You hit the iguana but do no damage.
Your tail-slap misses the iguana.
The iguana is severely wounded.
The iguana bites you!
* * * LOW HITPOINT WARNING * * *
The iguana closely misses you.
You barely miss the iguana.
Your tail-slap misses the iguana.
The iguana is severely wounded.
The iguana bites you but does no damage.
You barely miss the iguana.
The iguana is severely wounded.
The iguana barely misses you.
You hit the iguana but do no damage.
The iguana is severely wounded.
The iguana bites you.
You die...

...... #.###. .#.#)
#..... .... ##.. .
... ##.. #. .#
###..## .... .#
.##.....## ..#. .##.
..#.....#
..#.#.#.###.##..@.#
..##..#..#[.##.l..#
..#.##.#..##..##..##
)#...#.###.##(##...#
†##.##...#.#..#..#.#
..##..###...##...#.#
....#..#.###...#.#.#
<##.##.#.#.....#.#.#
.....##..#...###.#


You could see an iguana.

Vanquished Creatures
  A phantom (D:4)
  3 adders
  2 dart slugs (D:2)
  7 ball pythons
  6 endoplasms
  A giant cockroach (D:1)
  3 hobgoblins
  2 quokkas
  2 bats
  5 frilled lizards
  3 goblins
  4 kobolds
  3 rats
42 creatures vanquished.

Notes
Turn   | Place    | Note
-------+----------+-------------------------------------------
     0 | D:1      | xian the Draconian Fighter began the quest for the Orb.
     0 | D:1      | Reached XP level 1. HP: 19/19 MP: 1/1
   297 | D:1      | Found a faded altar of an unknown god.
   342 | D:1      | Reached XP level 2. HP: 26/26 MP: 2/2
  1110 | D:2      | Reached XP level 3. HP: 20/31 MP: 3/3
  1583 | D:2      | Found a radiant altar of Vehumet.
  1909 | D:4      | Reached XP level 4. HP: 28/40 MP: 4/4
  2004 | D:4      | Noticed a phantom
  2015 | D:4      | Killed a phantom
  2016 | D:4      | Reached XP level 5. HP: 39/46 MP: 5/5
  2086 | D:4      | HP: 1/46 [iguana (10)]
  2089 | D:4      | Slain by an iguana

Illustrated notes

Levels and vault maps discovered:
D:1:      dpeg_arrival_brainrot, layout_loops_ring,
          shapermc_ecumenical_altar_notcrosses
D:2:      layout_loops_cross, basic_altar, kennysheep_generic_room_16
D:3:      layout_loops_ring, pdpol_temple_overflow_zin_treasury_gozag_greed,
          nicolae_wu_jian_immortal_techniques, serial_bayou_pond_e
D:4:      minmay_chambers_of_fours, layout_loops_ring,
          mainiacjoe_overflow_alcove_4, minmay_pentomino_pile

Skill      XL: |  1  2  3  4 |
---------------+-------------+-----
Dodging        | 3 |  3.5
Polearms       | 3 |  3.6
Fighting       | |  3.9
Stealth        | |  0.4
Shields        | |  3.5

Action                   |  1- 3 |  4- 6 || total
-------------------------+-------+-------++-------
Melee: Trident           |   109 |    28 ||   137
       Tailslap          |     5 |     1 ||     6
 Stab: Sleeping          |     1 |       ||     1
Armor: Skin              |    29 |     2 ||    31
Dodge: Dodged            |    51 |    16 ||    67
Block: Buckler           |    26 |     5 ||    31

Table legend: (Time is in decaauts)
 A = Elapsed time spent in this place.
 B = Non-inter-level travel time spent in this place.
 C = Inter-level travel time spent in this place.
 D = Time resting spent in this place.
 E = Time spent auto-exploring this place.
 F = Levels seen in this place.
 G = Mean time per level.
                   A        B        C        D        E       F      G
               +--------+--------+--------+--------+--------+-----+--------+
         Total |   2118 |   2068 |     50 |      0 |   1520 |   4 |  529.5 |
       Dungeon |   2118 |   2068 |     50 |      0 |   1520 |   4 |  529.5 |
               +--------+--------+--------+--------+--------+-----+--------+

Top non-repeatable levels by time:
     D:1: 1077 daAuts
     D:2: 833 daAuts
     D:4: 197 daAuts
     D:3: 9 daAuts
